General information
- name: BNet
- type: Ladder team game (AT/RT)
- host: Battle.net
- saver: MiAmice
map: DragonFalls
- players: 8
- length: 05:21
- speed: Fast
- version: 1.26 W3XP
- replay type: Public
» download(24 KB)
Players
team 1 (loser)

»
buckeyes (
purple | 24 APM | 122 actions | 05:10)
1 Mountain King
1 Storm Bolt
» actions
| Assign group hotkey | 3 | |
| Build / train | 27 | |
| Enter build submenu | 9 | |
| Enter hero's abilities submenu | 1 | |
| Remove unit from queue | 1 | |
| Right click | 24 | |
| Select / deselect | 48 | |
| Use ability | 9 | |
122 total
» units
» upgrades
» buildings
| Farm | 5 | |
| Altar of Kings | 1 | |
| Arcane Vault | 1 | |
| Blacksmith | 1 | |
| Lumber Mill | 1 | |
| Keep | 3 | |
12 total
» build order
00:54 Farm
01:09 Altar of Kings
01:31 Farm
02:08 Farm
02:48 Arcane Vault
02:53 Blacksmith
02:59 Lumber Mill
03:25 Keep
03:25 Keep
03:31 Farm
04:13 Farm
vaosefoderem. (
red | 37 APM | 198 actions | 05:17)
2 Death Knight
1 Death Coil
1 Unholy Aura
» actions
| Assign group hotkey | 8 | |
| Build / train | 25 | |
| Enter build submenu | 8 | |
| Enter hero's abilities submenu | 2 | |
| Right click | 55 | |
| Select / deselect | 70 | |
| Select group hotkey | 19 | |
| Use ability | 11 | |
198 total
» units
| Acolyte | 2 | |
| Ghoul | 4 | |
| Crypt Fiend | 9 | |
15 total
» buildings
| Crypt | 1 | |
| Altar of Darkness | 1 | |
| Ziggurat | 3 | |
| Graveyard | 1 | |
| Tomb of Relics | 1 | |
| Nerubian Tower | 3 | |
10 total
» build order
00:23 Crypt
00:25 Altar of Darkness
00:46 Ziggurat
01:01 Graveyard
01:23 Ziggurat
02:06 Tomb of Relics
02:16 Nerubian Tower
02:17 Nerubian Tower
02:17 Nerubian Tower
04:00 Ziggurat
» items
999 (
blue | 24 APM | 128 actions | 05:19)
1 Dreadlord
1 Vampiric Aura
» actions
| Assign group hotkey | 5 | |
| Basic commands | 4 | |
| Build / train | 14 | |
| Enter build submenu | 8 | |
| Enter hero's abilities submenu | 1 | |
| Remove unit from queue | 2 | |
| Right click | 22 | |
| Select / deselect | 57 | |
| Select group hotkey | 8 | |
| Use ability | 7 | |
128 total
» units
» buildings
| Crypt | 2 | |
| Ziggurat | 3 | |
| Altar of Darkness | 1 | |
6 total
» build order
00:08 Crypt
00:12 Ziggurat
00:46 Altar of Darkness
01:02 Crypt
02:32 Ziggurat
02:56 Ziggurat
team 2 (winner)
MiAmice (
yellow | 50 APM | 269 actions | 05:21)
1 Dreadlord
1 Sleep
» actions
| Assign group hotkey | 7 | |
| Basic commands | 1 | |
| Build / train | 34 | |
| Enter build submenu | 9 | |
| Enter hero's abilities submenu | 1 | |
| Remove unit from queue | 1 | |
| Right click | 76 | |
| Select / deselect | 85 | |
| Select group hotkey | 48 | |
| Use ability | 7 | |
269 total
» units
| Acolyte | 2 | |
| Ghoul | 2 | |
| Crypt Fiend | 14 | |
18 total
» upgrades
» buildings
| Graveyard | 1 | |
| Crypt | 1 | |
| Altar of Darkness | 1 | |
| Ziggurat | 3 | |
| Nerubian Tower | 3 | |
| Tomb of Relics | 1 | |
| Halls of the Dead | 5 | |
15 total
» build order
00:09 Graveyard
00:19 Crypt
00:42 Altar of Darkness
00:58 Ziggurat
01:26 Ziggurat
01:57 Nerubian Tower
01:57 Nerubian Tower
03:15 Ziggurat
03:30 Tomb of Relics
04:36 Halls of the Dead
04:36 Halls of the Dead
04:37 Halls of the Dead
» items

»
age420 (
green | 28 APM | 147 actions | 05:20)
1 Priestess of the Moon
1 Scout
» actions
| Assign group hotkey | 2 | |
| Build / train | 13 | |
| Enter build submenu | 13 | |
| Enter hero's abilities submenu | 1 | |
| Remove unit from queue | 1 | |
| Right click | 33 | |
| Select / deselect | 52 | |
| Select group hotkey | 21 | |
| Use ability | 11 | |
147 total
» units
» upgrades
» buildings
| Altar of Elders | 1 | |
| Moon Well | 6 | |
| Hunter's Hall | 1 | |
| Ancient Protector | 1 | |
| Ancient of War | 1 | |
| Tree of Ages | 1 | |
11 total
» build order
00:08 Altar of Elders
01:09 Moon Well
01:19 Moon Well
01:47 Hunter's Hall
02:09 Moon Well
02:37 Moon Well
03:03 Moon Well
03:34 Moon Well
03:45 Ancient Protector
04:32 Ancient of War
04:47 Tree of Ages
Ariobarzan (
teal | 27 APM | 142 actions | 05:20)
1 Dreadlord
1 Vampiric Aura
» actions
| Build / train | 15 | |
| Enter build submenu | 9 | |
| Enter hero's abilities submenu | 1 | |
| Right click | 66 | |
| Select / deselect | 45 | |
| Use ability | 6 | |
142 total
» units
| Acolyte | 3 | |
| Ghoul | 5 | |
| Crypt Fiend | 2 | |
10 total
» upgrades
» buildings
| Ziggurat | 3 | |
| Crypt | 1 | |
| Graveyard | 1 | |
| Halls of the Dead | 1 | |
| Altar of Darkness | 1 | |
7 total
» build order
00:11 Ziggurat
00:15 Crypt
01:27 Graveyard
02:15 Halls of the Dead
02:35 Altar of Darkness
02:44 Ziggurat
03:19 Ziggurat
simmsp (
orange | 48 APM | 257 actions | 05:20)
1 Blademaster
1 Wind Walk
» actions
| Build / train | 21 | |
| Enter build submenu | 8 | |
| Enter hero's abilities submenu | 1 | |
| Remove unit from queue | 1 | |
| Right click | 89 | |
| Select / deselect | 125 | |
| Use ability | 12 | |
257 total
» units
» upgrades
» buildings
| Altar of Storms | 1 | |
| Orc Burrow | 4 | |
| Barracks | 1 | |
| Voodoo Lounge | 1 | |
| War Mill | 1 | |
| Stronghold | 1 | |
9 total
» build order
00:18 Altar of Storms
00:22 Orc Burrow
00:52 Barracks
01:13 Orc Burrow
01:41 Voodoo Lounge
04:28 War Mill
04:33 Orc Burrow
04:38 Orc Burrow
05:20 Stronghold
» items
| Healing Salve | 1 | |
| Lesser Clarity Potion | 3 | |
| Scroll of Speed | 2 | |
6 total
Chat log
(00:11 / Allies) simmsp: i am getting BATS
(00:14 / All) MiAmice: loadhack?
(05:18 / All) MiAmice: ez
(05:19 / All) MiAmice: gg